Map: Cerulean Fall LE

Players

Lambo - Winner!

  • Race: Zerg Zerg
  • League: Master
  • Spawn Location: 1:00

Harstem

  • Race: Protoss Protoss
  • League: Grandmaster
  • Spawn Location: 7:00

VOD

Have the link to the VOD?

Description

Time

  • Played on: Jan. 12, 2019, 9:10 a.m.
  • Length: 8:01
Show
View Real Time Build Order
Export as new Build Order

Lambo Zerg - Winner!

Build Orders: Hatch First 

Get SALT Encoding   

  12  0:00  Drone  
  13  0:13  Overlord  
  13  0:16  Drone  
  14  0:32  Drone x2  
  16  0:48  Hatchery  
  15  0:52  Drone  
  15  0:55  Drone  
  17  0:58  Drone  
  18  1:09  Extractor  
  17  1:13  Spawning Pool  
  17  1:17  Drone  
  17  1:20  Drone  
  18  1:29  Drone  
  19  1:40  Overlord  
  19  1:50  Drone  
  20  2:00  Queen x2  
  25  2:01  Zergling x4  
  26  2:09  Metabolic Boost  
  26  2:10  Drone  
  26  2:13  Drone  
  28  2:21  Drone  
  29  2:24  Drone  
  30  2:36  Hatchery  
  29  2:40  Drone  
  29  2:41  Drone  
  32  2:44  Drone  
  32  2:47  Overlord  
  32  2:55  Queen  
  34  3:00  Drone  
  33  3:09  Spore Crawler  
  33  3:10  Drone  
  33  3:11  Drone  
  33  3:16  Spore Crawler  
  33  3:18  Drone x4  
  37  3:25  Spore Crawler, Drone x2  
  39  3:28  Overlord  
  39  3:35  Queen  
  39  3:37  Drone  
  39  3:38  Drone  
  43  3:47  Drone x2  
  45  3:50  Queen, Drone x2  
  49  4:01  Drone x3  
  50  4:05  Drone  
  50  4:09  Drone x3  
  54  4:10  Spore Crawler  
  54  4:15  Overlord  
  53  4:25  Roach Warren  
  53  4:28  Overlord  
  51  4:34  Drone x3  
  51  4:35  Drone x2  
  51  4:36  Overlord  
  56  4:39  Drone  
  56  4:41  Spore Crawler  
  56  4:43  Overlord  
  56  4:47  Overlord  
  56  4:48  Overlord  
  56  4:51  Overlord  
  56  4:53  Extractor  
  56  4:54  Extractor  
  56  4:56  Overlord  
  54  5:03  Queen x2  
  58  5:11  Drone x3  
  61  5:30  Roach x12  
  86  5:35  Roach x2  
  86  5:36  Roach  
  86  5:39  Roach  
  90  5:47  Overlord  
  90  5:51  Overlord  
  90  5:52  Zergling x12  
  96  5:58  Overlord  
  96  5:59  Queen  
  98  6:06  Overlord  
  98  6:10  Zergling x4  
  100  6:13  Zergling x8  
  100  6:17  Ravager x2  
  100  6:18  Ravager x2  
  108  6:19  Zergling x6  
  108  6:22  Overlord  
  108  6:25  Zergling x4  
  113  6:28  Ravager  
  113  6:29  Zergling x2  
  115  6:33  Zergling x2  
  115  6:37  Ravager  
  115  6:39  Zergling x4  
  118  6:43  Zergling x2  
  119  6:51  Zergling x10  
  121  6:55  Zergling x2  
  121  6:56  Zergling x6  
  117  7:05  Zergling x2  
  117  7:06  Zergling x2  
  112  7:14  Zergling x6  
  108  7:19  Zergling x2  
  100  7:23  Zergling x4  
  98  7:31  Zergling x6  
  95  7:41  Zergling x6  
Show
View Real Time Build Order
Export as new Build Order

Harstem Protoss 

Build Orders: 1 Gate Expand, Oracle Opening, Phoenix Opening 

Get SALT Encoding   

  12  0:02  Probe  
  13  0:14  Probe  
  13  0:21  Pylon  
  14  0:26  Probe  
  15  0:35  Probe  
  15  0:40  Gateway  
  16  0:43  Probe  
  17  0:50  Assimilator  
  17  0:53  Probe  
  18  1:05  Probe  
  19  1:17  Probe  
  20  1:24  Nexus  
  20  1:34  Cybernetics Core  
  20  1:38  Probe  
  21  1:42  Assimilator  
  21  1:50  Probe  
  21  1:52  Pylon  
  22  2:02  Adept, Probe  
  23  2:14  Probe  
  26  2:17  Stargate  
  26  2:22  Adept  
  26  2:26  Probe  
  26  2:27  Warp Gate  
  29  2:37  Probe  
  29  2:38  Probe  
  31  2:47  Adept  
  31  2:49  Probe  
  31  2:50  Probe  
  35  2:55  Oracle  
  35  2:58  Gateway  
  38  3:12  Probe  
  39  3:15  Probe  
  40  3:21  Pylon  
  40  3:24  Probe  
  40  3:25  Phoenix  
  41  3:27  Probe  
  44  3:36  Probe  
  44  3:40  Probe, Assimilator  
  44  3:42  Pylon  
  44  3:44  Phoenix  
  44  3:45  Assimilator  
  44  3:49  Probe  
  44  3:52  Probe  
  48  3:58  Pylon  
  48  4:01  Probe, Phoenix  
  49  4:04  Probe  
  52  4:13  Probe  
  52  4:16  Gateway, Probe  
  54  4:17  Phoenix  
  54  4:25  Probe  
  57  4:35  Phoenix  
  57  4:41  Adept  
  57  4:42  Probe x2  
  57  4:44  Pylon  
  63  4:54  Probe x2  
  63  4:56  Nexus  
  65  5:00  Pylon  
  65  5:06  Robotics Facility, Probe  
  66  5:09  Probe  
  67  5:18  Probe  
  67  5:19  Forge  
  67  5:20  Probe  
  68  5:21  Twilight Council  
  68  5:24  Sentry  
  68  5:25  Sentry  
  73  5:29  Probe  
  73  5:30  Probe  
  75  5:39  Probe  
  75  5:42  Probe  
  77  5:43  Pylon  
  77  5:46  Observer  
  77  5:51  Probe  
  77  5:53  Gateway x2  
  77  5:54  Probe  
  77  5:56  Immortal, Assimilator  
  80  5:59  Protoss Ground Weapons Level 1  
  80  6:01  Charge  
  80  6:03  Assimilator  
  81  6:10  Sentry, Zealot  
  88  6:12  Pylon  
  88  6:17  Shield Battery  
  88  6:23  Gateway  
  88  6:29  Immortal  
  88  6:32  Shield Battery  
  88  6:35  Sentry x2  
  88  6:38  Shield Battery  
  96  6:42  Robotics Facility  
  91  6:56  Zealot x2  
  85  7:06  Zealot x2  
  89  7:15  Probe  
  94  7:19  Probe  
  94  7:22  Pylon  
  91  7:29  Probe  
  85  7:32  Zealot x2  
  74  7:37  Zealot x3  
  74  7:42  Probe  
  74  7:43  Probe  
  67  7:52  Zealot  
  67  7:53  Zealot  
Tags
 
Add a new tag
Caveats
  • Supply blocks, unpowered buildings, or Contaminate may cause inaccurate times.
  • Supply counts are checked every 10 seconds.